Map: [ESL] Hard Lead

Players

Bunny - Winner!

  • Race: Terran Terran
  • Spawn Location: 5:00

Silky

  • Race: Zerg Zerg
  • Spawn Location: 11:00

Event: ESL SC2 Masters 2023 Winter (Finals)

VOD

Have the link to the VOD?

Description

Time

  • Played on: Dec. 15, 2023, 2:18 p.m.
  • Length: 11:51

All games in this series

Show
View Real Time Build Order
Export as new Build Order

Bunny Terran - Winner!

Build Orders: Reaper Expand 

Get SALT Encoding   

  12  0:00  SCV  
  13  0:12  SCV  
  14  0:17  Supply Depot  
  14  0:24  SCV  
  15  0:38  SCV  
  15  0:39  Barracks  
  15  0:42  Refinery  
  16  0:50  SCV  
  17  1:02  SCV  
  18  1:14  SCV  
  19  1:27  Orbital Command, Reaper  
  20  1:38  Command Center  
  20  1:46  Supply Depot  
  20  1:52  SCV  
  21  1:58  Marine  
  22  2:04  SCV  
  22  2:07  Factory  
  23  2:16  SCV  
  23  2:19  Barracks Reactor  
  24  2:28  SCV  
  25  2:40  SCV  
  25  2:41  Command Center  
  26  2:51  Orbital Command  
  26  2:53  SCV  
  27  2:58  Barracks  
  27  3:05  SCV  
  30  3:06  Hellion  
  30  3:10  Hellion  
  32  3:14  Barracks Tech Lab  
  32  3:17  SCV x2  
  34  3:28  Hellion  
  34  3:29  SCV x2  
  34  3:31  Hellion  
  34  3:33  Stimpack, Marine  
  41  3:41  SCV x2  
  43  3:51  Refinery, Starport  
  42  3:57  Orbital Command  
  42  3:58  Marine x3  
  42  3:59  SCV x2  
  47  4:06  Factory Reactor  
  47  4:07  Supply Depot  
  47  4:11  SCV x2  
  47  4:16  Marine x3  
  52  4:23  SCV x2  
  54  4:24  Orbital Command  
  54  4:30  Supply Depot  
  54  4:33  Marine  
  54  4:34  Marine x2  
  54  4:35  SCV  
  54  4:36  SCV  
  54  4:37  Refinery x2  
  59  4:47  Medivac x2, Supply Depot  
  59  4:48  SCV x2  
  59  4:51  Marine x2  
  59  4:52  Marine  
  68  4:54  Barracks  
  68  4:55  Factory Reactor, Engineering Bay x2  
  68  4:58  SCV  
  69  5:00  SCV x2  
  71  5:10  SCV  
  71  5:12  Marine, SCV x2  
  71  5:13  Supply Depot, Marine x2  
  77  5:14  Combat Shield  
  77  5:22  SCV  
  77  5:24  SCV  
  77  5:25  SCV  
  77  5:26  Supply Depot  
  80  5:32  Marine x3  
  80  5:34  Widow Mine  
  80  5:35  Widow Mine, SCV  
  88  5:36  SCV  
  88  5:37  SCV  
  88  5:38  Terran Infantry Weapons Level 1, Terran Infantry Armor Level 1  
  90  5:44  Barracks Reactor  
  90  5:50  SCV x3, Marine x3  
  90  5:56  Barracks x2  
  93  6:07  Marine  
  93  6:08  Marine x2  
  93  6:09  Medivac x2  
  95  6:14  Widow Mine x2  
  95  6:15  SCV x2  
  97  6:22  Marine x2  
  97  6:25  Marine x2  
  97  6:29  Marine  
  97  6:31  SCV x3  
  98  6:33  Armory, Supply Depot  
  98  6:36  Widow Mine  
  98  6:38  Supply Depot  
  98  6:39  Supply Depot  
  100  6:40  Supply Depot  
  100  6:42  Widow Mine  
  100  6:45  Barracks Reactor  
  102  6:47  Marine x4  
  102  6:49  Barracks Reactor  
  102  6:51  Marine  
  102  6:52  Factory  
  102  6:53  SCV x2  
  109  6:55  SCV, Refinery  
  110  7:05  Marine x4  
  114  7:08  Marine  
  110  7:17  Widow Mine  
  110  7:18  Medivac, Widow Mine  
  110  7:19  Medivac  
  110  7:21  SCV x3  
  119  7:23  Marine  
  119  7:25  Marine x7  
  119  7:26  Marine  
  119  7:28  Supply Depot  
  128  7:34  Terran Infantry Weapons Level 2, Terran Infantry Armor Level 2  
  128  7:36  Concussive Shells  
  125  7:40  Marine  
  125  7:43  Marine x3  
  126  7:45  Marine, Marauder  
  126  7:46  Marine  
  126  7:48  Medivac  
  126  7:50  Widow Mine x2  
  134  7:54  Command Center  
  134  7:58  Factory Tech Lab  
  134  8:07  Barracks  
  134  8:08  Barracks, Supply Depot  
  134  8:09  Barracks  
  134  8:13  Widow Mine  
  134  8:14  Widow Mine  
  134  8:16  Medivac  
  142  8:20  Widow Mine, Drilling Claws  
  142  8:24  Marine  
  142  8:25  Marauder, Marine x2  
  144  8:29  Marine  
  144  8:30  Marine x4  
  73  8:34  Medivac  
  120  8:35  Widow Mine x2  
  126  8:42  Marine x3  
  126  8:44  Widow Mine  
  126  8:46  Marauder, SCV x3  
  126  8:47  Marine  
  137  8:52  Marine x4  
  139  9:00  Marine x2  
  139  9:01  Barracks Tech Lab x3  
  139  9:08  Marauder  
  141  9:11  Marine  
  141  9:12  Marine x5  
  141  9:16  Widow Mine x3  
  153  9:18  Marine  
  153  9:19  SCV  
  153  9:20  SCV x2  
  157  9:25  Marauder  
  157  9:26  Marauder x2  
  157  9:28  Medivac x2  
  157  9:29  Marauder  
  169  9:32  SCV x3  
  169  9:38  Widow Mine x3  
  172  9:42  Marine x3  
  172  9:44  Marine x2  
  165  9:57  Planetary Fortress  
  165  9:59  Widow Mine, SCV x3  
  171  10:00  Widow Mine x2  
  171  10:01  Supply Depot  
  171  10:02  Supply Depot  
  171  10:21  Sensor Tower  
  171  10:22  Command Center, Medivac  
  171  10:23  Medivac, Marauder x3  
  171  10:27  Refinery  
  171  10:28  Refinery  
  179  10:45  Marauder x3, Marine x4  
  179  10:48  Marine  
  179  10:49  Marine  
  186  10:52  Medivac  
  187  10:58  Medivac  
  187  11:02  Command Center  
  187  11:09  Marauder  
  187  11:10  Marine x6, Marauder  
  186  11:14  Command Center  
  186  11:18  Marauder x2  
Show
View Real Time Build Order
Export as new Build Order

Silky Zerg 

Build Orders: Hatch First 

Get SALT Encoding   

  12  0:01  Drone  
  13  0:12  Overlord  
  13  0:17  Drone  
  14  0:30  Drone x2  
  16  0:48  Hatchery  
  15  0:51  Drone  
  15  0:54  Drone  
  17  0:58  Drone  
  18  1:09  Extractor  
  17  1:13  Spawning Pool  
  17  1:15  Drone  
  17  1:19  Drone  
  18  1:28  Drone  
  19  1:39  Drone  
  20  1:49  Overlord  
  20  1:59  Queen  
  20  2:00  Zergling x4, Queen  
  26  2:11  Drone x2  
  28  2:16  Metabolic Boost  
  28  2:32  Hatchery  
  28  2:33  Drone x2  
  28  2:36  Drone  
  29  2:39  Drone  
  30  2:44  Overlord  
  30  2:46  Drone  
  31  2:52  Queen  
  31  2:54  Drone  
  31  2:57  Drone  
  35  3:05  Overlord  
  35  3:06  Drone  
  35  3:08  Drone  
  35  3:09  Drone x2  
  39  3:15  Queen  
  39  3:17  Drone  
  39  3:18  Drone  
  43  3:26  Drone  
  44  3:30  Queen  
  44  3:33  Zergling x2  
  47  3:37  Zergling x2  
  48  3:41  Overlord  
  48  3:44  Zergling x4  
  48  3:45  Zergling x2  
  48  3:47  Drone  
  52  3:51  Queen  
  54  3:56  Drone x2  
  54  3:58  Overlord  
  54  4:01  Drone x3  
  58  4:02  Queen  
  58  4:06  Queen  
  58  4:08  Drone  
  63  4:10  Drone  
  64  4:19  Overlord  
  64  4:20  Drone x2  
  64  4:23  Overlord  
  65  4:26  Overlord  
  65  4:27  Lair  
  65  4:31  Extractor  
  65  4:33  Extractor  
  65  4:35  Drone  
  65  4:36  Drone, Overlord x2  
  65  4:39  Baneling Nest  
  65  4:41  Drone  
  65  4:42  Drone  
  65  4:43  Drone  
  67  4:46  Drone x2  
  67  4:49  Drone  
  67  4:50  Drone x2  
  67  4:52  Drone  
  73  4:54  Drone x2  
  73  4:59  Drone  
  76  5:00  Drone, Spore Crawler  
  76  5:01  Zergling x2, Drone  
  76  5:03  Zergling x2  
  80  5:07  Zergling x2  
  80  5:12  Drone x2  
  80  5:13  Zergling x4  
  84  5:15  Queen  
  84  5:17  Overlord  
  84  5:19  Zergling x6  
  84  5:20  Zergling x2  
  90  5:25  Centrifugal Hooks  
  90  5:29  Hatchery  
  90  5:32  Zergling x6  
  92  5:36  Zergling x2  
  92  5:37  Zergling x6  
  92  5:38  Zergling x2  
  97  5:44  Drone x4  
  97  5:49  Overlord  
  100  5:50  Zergling x4, Extractor, Evolution Chamber  
  100  5:51  Evolution Chamber  
  100  5:54  Baneling x8  
  98  6:04  Zergling x10  
  97  6:14  Zergling x2  
  97  6:15  Zergling x4  
  95  6:19  Zerg Melee Weapons Level 1, Zerg Ground Armor Level 1  
  92  6:26  Zergling x18  
  92  6:31  Queen  
  92  6:32  Drone  
  98  6:34  Queen  
  98  6:35  Hatchery  
  98  6:38  Hatchery  
  98  6:39  Zergling x2, Baneling x3  
  100  6:40  Zergling x2  
  100  6:45  Zergling x2  
  101  6:47  Overseer x2  
  101  6:49  Zergling x4  
  103  6:56  Drone  
  103  6:57  Drone x4  
  108  7:07  Zergling x6, Pneumatized Carapace  
  111  7:15  Zergling x2  
  107  7:19  Zergling x4  
  107  7:22  Zergling x6  
  112  7:34  Zergling x2  
  112  7:35  Zergling x8  
  112  7:37  Zergling x4  
  119  7:41  Drone  
  113  7:50  Drone x5  
  118  7:56  Zergling x2  
  118  7:57  Infestation Pit  
  118  7:58  Baneling  
  118  7:59  Baneling x11  
  118  8:04  Zergling x14  
  125  8:08  Drone x2  
  125  8:09  Spore Crawler  
  125  8:12  Zergling x14  
  132  8:14  Zerg Melee Weapons Level 2, Zerg Ground Armor Level 2  
  132  8:18  Zergling x4  
  133  8:23  Zergling x2  
  133  8:24  Overlord x2  
  118  8:34  Hive  
  118  8:38  Zergling x2  
  118  8:39  Zergling x26  
  131  8:45  Hatchery  
  131  8:46  Zergling x12  
  135  8:50  Drone  
  135  8:53  Zergling x10  
  139  8:59  Hatchery  
  126  9:05  Baneling x16  
  126  9:07  Zergling x8  
  128  9:11  Overlord  
  128  9:12  Zergling x16  
  128  9:16  Zergling x2  
  128  9:17  Overseer, Baneling x7  
  137  9:18  Zergling x4  
  137  9:19  Zergling x2  
  137  9:23  Zergling x2  
  141  9:26  Zergling x2  
  141  9:30  Spore Crawler  
  141  9:32  Baneling x10  
  125  9:41  Zergling x2  
  125  9:42  Zergling x28  
  125  9:43  Zergling x4  
  141  9:50  Zergling x6  
  141  9:52  Drone x2  
  130  10:03  Drone x5  
  134  10:07  Zergling x2  
  134  10:10  Zergling x2  
  134  10:11  Zergling x16  
  134  10:13  Drone  
  145  10:14  Drone  
  145  10:16  Zergling x4  
  145  10:18  Baneling  
  145  10:19  Baneling  
  145  10:20  Drone  
  149  10:22  Drone x3  
  149  10:24  Drone x3  
  155  10:30  Ultralisk Cavern  
  150  10:36  Spore Crawler  
  150  10:37  Drone x3  
  150  10:38  Drone  
  150  10:40  Zergling x18  
  134  10:44  Zergling x2  
  134  10:45  Zergling x4  
  134  10:48  Zergling x4  
  134  10:55  Zergling x18  
  142  11:00  Zergling x8  
  142  11:01  Zergling x2  
  142  11:08  Zergling x8  
  142  11:13  Zergling x6  
  144  11:19  Drone x3  
  146  11:27  Drone x5  
  146  11:29  Ultralisk Cavern  
  146  11:34  Zergling x2  
  146  11:35  Hatchery  
  146  11:38  Extractor  
Tags
 
Add a new tag
Caveats
  • Supply blocks, unpowered buildings, or Contaminate may cause inaccurate times.
  • Supply counts are checked every 10 seconds.